 Dungeon Crawl Stone Soup version 0.31-a0-836-g3ceb0a68c4 (webtiles) character file.

Game seed: 8370480537183928517

987 Kurtz the Cleaver (level 8, -11/52 HPs)
             Began as an Octopode Fighter on Sept 26, 2023.
             Mangled by an iguana (14 damage)
             ... on level 5 of the Dungeon.
             The game lasted 00:02:24 (3768 turns).

Kurtz the Cleaver (Octopode Fighter)                Turns: 3768, Time: 00:02:25

Health: -11/52     AC:  1    Str: 17    XL:     8   Next: 18%
Magic:  8/8        EV: 13    Int: 11    God:
Gold:   297        SH:  4    Dex: 11    Spells: 7/7 levels left

rFire   . . .        a - +0 war axe
rCold   . . .        b - +0 buckler
rNeg    . . .        (helmet restricted)
rPois   .            (no amulet)
rElec   .            (no ring)
rCorr   .            (no ring)
SInv    .            (no ring)
Will    +....        (no ring)
Stlth   ++           (no ring)
HPRegen 0.28/turn    (no ring)
MPRegen 0.11/turn    (no ring)
                     (no ring)

%: no passive effects
@: lethally poisoned (-11 -> -15), enlightened, flying
A: almost no armour, amphibious, 8 rings, camouflage 1, gelatinous body 1,
(nimble swimmer 1), tentacles
a: no special abilities


You were on level 5 of the Dungeon.
You visited 1 branch of the dungeon, and saw 5 of its levels.

You collected 297 gold pieces.

Inventory:

Hand Weapons
 a - a +0 war axe (weapon)
Missiles
 d - 25 poisoned darts
Armour
 b - a +0 buckler (worn)
Scrolls
 f - 3 scrolls of identify {unknown}
 i - a scroll of teleportation {unknown}
 l - 3 scrolls of fear {unknown}
 n - a scroll of fog {unknown}
 o - a scroll of silence {unknown}
Potions
 c - a potion of cancellation {unknown}
 e - a potion of enlightenment
 g - 2 potions of mutation {unknown}
 h - 3 potions of curing {unknown}
 j - a potion of attraction {unknown}
 k - 3 potions of heal wounds {unknown}
 m - a potion of brilliance {unknown}
 p - 2 potions of invisibility {unknown}
 q - a potion of lignification {unknown}


   Skills:
 - Level 3.0 Fighting
 * Level 9.4 Axes
 - Level 3.0 Dodging
 - Level 3.0 Shields


You had 7 spell levels left.
You didn't know any spells.
Your spell library was empty.

Dungeon Overview and Level Annotations

Branches:
Dungeon (5/15)
 Temple: D:4-7

Altars:
Dithmenos
Qazlal

Annotations:
D:4 3 runed translucent doors, LeprechaunX's ghost, amateur OpSh; dialectric's ghost, amateur OpFi; mdk's ghost, amateur VSBr; wildpjah's ghost, novice TeMo


Innate Abilities, Weirdness & Mutations

You cannot wear most types of armour.
You are amphibious.
You can wear up to eight rings at the same time.
Your skin changes colour to match your surroundings (Stealth+).
Your rubbery body absorbs attacks. (AC +1, EV +1)
((You are camouflaged when in or above water. (Stealth+)))
You have tentacles for arms and can constrict up to eight enemies at once.


Message History

You kill the water moccasin!
You hit the scorpion but do no damage.
You feel very sick. You block the scorpion's attack. The scorpion stings you.
You are more poisoned.
The scorpion poisons you!
Your Axes skill increases to level 9!
You have reached level 8!
You are too injured to fight recklessly!
You are too injured to fight recklessly!
You hit the scorpion. Your grab misses the scorpion.
Your squeeze misses the scorpion.
The scorpion is moderately wounded.
You feel very sick. You block the scorpion's attack.
You hit the scorpion. You grab the scorpion.
The scorpion is severely wounded.
You hit the iguana. You constrict the scorpion.
You feel very sick. The scorpion closely misses you. The iguana bites you!
* * * LOW HITPOINT WARNING * * *
You hit the scorpion.
You kill the scorpion!
You closely miss the iguana.
* * * LOW HITPOINT WARNING * * *
You feel sick. The iguana misses you.
Unknown command.
You hit the iguana. You grab the iguana. You squeeze the iguana.
The iguana is almost dead.
You constrict the iguana, but do no damage.
* * * LOW HITPOINT WARNING * * *
You feel sick. You block the iguana's attack.
Unknown command.
It was a potion of enlightenment.
You feel very buoyant.
You fly up into the air.
You constrict the iguana, but do no damage.
* * * LOW HITPOINT WARNING * * *
You feel sick. The iguana bites you!
You die...

........ #.#†###..#
........##...###..#
.......#..#......#
#... #...#......#
#..##..#.........
#...............
#............###
#######....#.....#
#.....@..###.....#
#....l†.># #.....#
#........# ..
#........#
#........#
#........#
#.....<...
#..........


You could see an iguana.

Vanquished Creatures
  2 water moccasins
  An ogre (D:4)
  A scorpion (D:5)
  2 howler monkeys
  3 hounds (D:4)
  A gnoll bouda (D:4)
  2 orc priests (D:5)
  A jelly (D:5)
  An iguana (D:5)
  3 orc wizards
  8 gnolls (D:4)
  7 adders
  A worm (D:2)
  2 dart slugs
  11 orcs
  13 ball pythons
  7 endoplasms
  A giant cockroach (D:4)
  8 goblins
  9 hobgoblins
  10 kobolds
  3 quokkas
  2 bats
  3 frilled lizards
  10 rats
112 creatures vanquished.

Notes
Turn   | Place    | Note
-------+----------+-------------------------------------------
     0 | D:1      | Kurtz the Octopode Fighter began the quest for the Orb.
     0 | D:1      | Reached XP level 1. HP: 16/16 MP: 1/1
   132 | D:1      | Reached XP level 2. HP: 21/21 MP: 2/2
   294 | D:1      | Reached skill level 3 in Axes
   755 | D:1      | Reached XP level 3. HP: 26/26 MP: 3/3
  1611 | D:2      | Found a shadowy altar of Dithmenos.
  1644 | D:2      | Reached skill level 4 in Axes
  1992 | D:3      | Reached XP level 4. HP: 29/31 MP: 4/4
  2385 | D:4      | Reached skill level 5 in Axes
  2390 | D:4      | Reached XP level 5. HP: 24/36 MP: 5/5
  2442 | D:4      | Found a stormy altar of Qazlal.
  2538 | D:4      | Reached skill level 6 in Axes
  2547 | D:4      | Reached XP level 6. HP: 29/42 MP: 6/6
  2841 | D:4      | Noticed a water moccasin
  2848 | D:4      | Killed a water moccasin
  2849 | D:4      | Reached skill level 7 in Axes
  2849 | D:4      | Reached XP level 7. HP: 23/46 MP: 7/7
  3335 | D:4      | Reached skill level 8 in Axes
  3347 | D:4      | Found a runed translucent gate.
  3347 | D:4      | Found a runed translucent gate.
  3347 | D:4      | Noticed LeprechaunX's ghost (amateur OpSh)
  3347 | D:4      | Noticed dialectric's ghost (amateur OpFi)
  3348 | D:4      | Found a runed translucent gate.
  3348 | D:4      | Noticed wildpjah's ghost (novice TeMo)
  3348 | D:4      | Noticed mdk's ghost (amateur VSBr)
  3420 | D:5      | Entered Level 5 of the Dungeon
  3764 | D:5      | Reached skill level 9 in Axes
  3764 | D:5      | Reached XP level 8. HP: 26/52 MP: 8/8
  3768 | D:5      | Mangled by an iguana

Illustrated notes

Levels and vault maps discovered:
D:1:      ebering_trefoil_twist, layout_basic
D:2:      layout_basic, basic_altar
D:3:      layout_basic
D:4:      layout_gridville, nicolae_qazlal_general_emergency,
          gammafunk_ghost_cemetery, nzn_random_ring
D:5:      layout_basic, lemuel_doored_altar, dk_noncrumbling_4

Skill      XL: |  1  2  3  4  5  6  7 |
---------------+----------------------+-----
Axes           | 3 4 5 6 7 9 |  9.4
Fighting       | |  3.0
Dodging        | |  3.0
Shields        | |  3.0

Action                     |  1- 3 |  4- 6 |  7- 9 || total
---------------------------+-------+-------+-------++-------
  Melee: War axe           |    76 |    79 |    64 ||   219
         Constrict         |    19 |    21 |    16 ||    56
         Tentacles         |     7 |    13 |    16 ||    36
         Punch             |     1 |     1 |     2 ||     4
    Use: Potion            |       |     1 |     1 ||     2
   Stab: Sleeping          |    10 |     4 |       ||    14
         Distracted        |       |     2 |       ||     2
 Armour: Skin              |    27 |    30 |    24 ||    81
  Dodge: Dodged            |    41 |    47 |    30 ||   118
  Block: Buckler           |    13 |     9 |     8 ||    30

Table legend: (Time is in decaauts)
 A = Elapsed time spent in this place.
 B = Non-inter-level travel time spent in this place.
 C = Inter-level travel time spent in this place.
 D = Time resting spent in this place.
 E = Time spent auto-exploring this place.
 F = Levels seen in this place.
 G = Mean time per level.
                   A        B        C        D        E       F      G
               +--------+--------+--------+--------+--------+-----+--------+
         Total |   3826 |   3665 |    161 |    563 |   2403 |   5 |  765.2 |
       Dungeon |   3826 |   3665 |    161 |    563 |   2403 |   5 |  765.2 |
               +--------+--------+--------+--------+--------+-----+--------+

Top non-repeatable levels by time:
     D:1: 1131 daAuts
     D:4: 1084 daAuts
     D:2: 810 daAuts
     D:3: 455 daAuts
     D:5: 345 daAuts
